 Dungeon Crawl Stone Soup version 0.17-a0-1230-g8afc29e (webtiles) character file.

224055 Aelindon the Executioner (level 18, -5/178 HPs)
             Began as a Deep Dwarf Berserker on June 5, 2015.
             Was the Champion of Trog.
             Killed by the raging water
             ... invoked by a water nymph
              (27 damage)
             ... on level 3 of the Shoals.
             The game lasted 03:20:53 (32171 turns).

Aelindon the Executioner (Deep Dwarf Berserker)    Turns: 32171, Time: 03:20:53

Health: -5/178     AC: 41    Str: 29    XL:     18   Next: 58%
Magic:  2/2        EV:  9    Int: 12    God:    Trog [******]
Gold:   4054       SH:  0    Dex: 13    Spells: 0 memorised, 17 levels left

rFire  + + +     SeeInvis +     a - +6 battleaxe "Zyxuog" {chop, *Noise rF+ rC+++ Int+4}
rCold  + + +     Clarity  .     i - +15 Maxwell's patent armour {-Cast -Tele rElec MR+ rCorr}
rNeg   + + +     SustAt   .     (no shield)
rPois  +         Gourm    .     T - +0 helmet (curse)
rElec  +         Spirit   .     S - +2 cloak {rPois}
rCorr  +         Warding  .     K - -2 pair of gloves of Rayf {rPois MR+ Str-2 Slay+3}
rMut   .         NoTele   +     R - +2 pair of boots {run}
MR     +++++     NoCast   +     B - amulet "Cyxid" {rElec rF+++ MR- Regen+ Dex+3}
Stlth  ..........               N - ring of see invisible
                                u - ring "Xinadym" {+Blink rF+ rN++ Str+2 Dex-2}

@: exhausted, non-regenerating, hasted and slowed, quick, almost entirely
resistant to hostile enchantments, extremely unstealthy
A: damage resistance, recharge devices, negative energy resistance 1, sense
surroundings 3, poison resistance, slow healing 3, spit poison 1
a: Device Recharging, Spit Poison, Burn Spellbooks, Berserk, Trog's Hand,
Brothers in Arms, Renounce Religion, Evoke Blink
}: 1/15 runes: serpentine


You were on level 3 of the Shoals.
You worshipped Trog.
Trog was exalted by your worship.
You were hungry.

You visited 6 branches of the dungeon, and saw 35 of its levels.
You also visited: Labyrinth, Ice Cave and Volcano.

You collected 4881 gold pieces.
You spent 827 gold pieces at shops.

Inventory:

Hand weapons
 a - the +6 battleaxe "Zyxuog" (weapon) {chop, *Noise rF+ rC+++ Int+4}
   (Trog gifted it to you on level 8 of the Lair of Beasts)

   It inflicts extra damage upon your enemies.
   It affects your intelligence (+4).
   It protects you from fire.
   It renders you almost immune to cold.
   It may make noises in combat.
 b - a +3 broad axe of flaming
 s - a +2 broad axe of holy wrath
 A - a +0 spear
 E - a +6 antimagic broad axe
Missiles
 g - 4 throwing nets
 t - 14 poisoned javelins
 x - 12 tomahawks (quivered)
 M - 16 tomahawks of dispersal
Armour
 i - the +15 Maxwell's patent armour (worn) {-Cast -Tele rElec MR+ rCorr}
   (You found it on level 12 of the Dungeon)

   It insulates you from electricity.
   It affects your resistance to hostile enchantments.
   It prevents spellcasting.
   It prevents most forms of teleportation.
   It protects you from acid and corrosion.
 K - the -2 pair of gloves of Rayf (worn) {rPois MR+ Str-2 Slay+3}
   (You bought it in a shop on level 5 of the Dungeon)

   It affects your strength (-2).
   It affects your accuracy and damage with ranged weapons and melee attacks
   (+3).
   It protects you from poison.
   It affects your resistance to hostile enchantments.
 R - a +2 pair of boots of running (worn)
 S - a +2 cloak of poison resistance (worn)
 T - a cursed +0 helmet (worn)
Jewellery
 q - an uncursed amulet of resist mutation
 u - the ring "Xinadym" (left hand) {+Blink rF+ rN++ Str+2 Dex-2}
   (You found it on level 12 of the Dungeon)

   [ring of strength]

   It affects your strength (+2).
   It affects your dexterity (-2).
   It protects you from fire.
   It greatly protects you from negative energy.
   It lets you blink.
 B - the amulet "Cyxid" (around neck) {rElec rF+++ MR- Regen+ Dex+3}
   (You found it on level 1 of the Shoals)

   [amulet of regeneration]

   It affects your dexterity (+3).
   It renders you almost immune to fire.
   It insulates you from electricity.
   It affects your resistance to hostile enchantments.
   It increases your rate of regeneration.
 F - an uncursed ring of flight
 N - a ring of see invisible (right hand)
 Y - an uncursed amulet of stasis
Magical devices
 h - a wand of heal wounds (2)
 r - a wand of disintegration (1)
 w - a wand of teleportation (4)
 C - a wand of hasting (5)
Scrolls
 c - 7 scrolls of identify
 j - 11 scrolls of teleportation
 l - 22 scrolls of remove curse
 o - 4 scrolls of fear
 p - 2 scrolls of blinking
 y - a scroll of magic mapping
 H - 5 scrolls of immolation
 X - a scroll of fog
Potions
 e - 8 potions of agility
 f - 8 potions of heal wounds
 n - 3 potions of cancellation
 z - 4 potions of curing
 D - 5 potions of mutation
 I - a potion of cure mutation
 J - 5 potions of flight
 L - a potion of lignification
 O - 2 potions of invisibility
 U - 3 potions of resistance
Miscellaneous
 m - a sack of spiders
 Z - a sack of spiders
Comestibles
 d - 20 bread rations
 k - 11 meat rations
 G - 2 chunks of flesh
 P - 12 fruits
 V - a beef jerky


   Skills:
 * Level 15.5 Fighting
 - Level 22.6 Axes
 - Level 11.0 Throwing
 + Level 16.2 Armour
 - Level 2.1 Dodging
   Level 4.0 Shields


You had 17 spell levels left.
You didn't know any spells.

Dungeon Overview and Level Annotations

Branches:
Dungeon (15/15)            Temple (1/1) D:4            Lair (8/8) D:9
 Shoals (3/4) Lair:5        Snake (4/4) Lair:5        Slime (0/6) Lair:7
    Orc (4/4) D:12            Elf (0/3) Orc:3        Vaults (0/5) D:14
 Depths (0/5) D:15

Altars:
Ashenzari
Cheibriados
Dithmenos
Elyvilon
Fedhas
Gozag
Kikubaaqudgha
Makhleb
Nemelex Xobeh
Okawaru
Qazlal
Ru
Sif Muna
Trog
Vehumet
Xom
Yredelemnul
Zin
The Shining One
Beogh
Jiyva

Shops:
D:4 *?   D:5 [   D:6 [   D:7 !   D:15 [*!   Orc:3 }   Orc:4 }***


Innate Abilities, Weirdness & Mutations

You are resistant to damage.
You can recharge devices by infusing magical energy.
You resist negative energy.
You passively map a large area around you.
You do not heal naturally.
Your system is resistant to poisons.
You can spit weak poison.


Message History

The water nymph gestures at you while chanting.
The water swirls and strikes you!
* * * LOW HITPOINT WARNING * * *
The merfolk hits you from afar with a halberd of venom!
* * * LOW HITPOINT WARNING * * *
Evoke which item? (* to show all) (? for menu, Esc to quit)
Zapping:
h - a wand of heal wounds (3)
Press: ? - help, Shift-Dir - straight line, f - you You feel much better.
This wand has 2 charges left.
The water nymph casts a spell at you. The water swirls and strikes you!
* * * LOW HITPOINT WARNING * * *
The merfolk closely misses you.
Evoke which item? (* to show all) (? for menu, Esc to quit)
Okay, then.
Drink which item? (? for menu, Esc to quit)
You feel yourself speed up.
The water nymph points at you and mumbles some strange words.
The water swirls and strikes you!
You die...

≈≈ ≈ , ,^# P..###..# > ≈
≈≈≈≈≈≈≈≈.P PP#........
≈≈≈≈≈≈≈.PP , , .#........*
≈≈≈≈≈≈≈≈..##, , ,.........
≈≈≈≈≈≈≈≈≈PP# , ,
#(......., *
≈≈≈≈≈≈.≈≈...##,
,##≈....... ≈
≈≈≈≈≈≈≈....#####≈(≈......
, ≈
≈≈≈≈≈≈......#.##((.......
≈≈≈≈≈...(.....@mm........,
,,,, ≈
≈≈≈≈≈≈....(....((........
,,,
≈≈≈≈≈≈.<..).............[
,
≈≈≈≈≈.≈..(.).............
, ,
≈≈≈≈≈≈≈..................,
≈≈≈≈≈≈≈.............≈...,,
, ≈≈≈≈≈≈..................
, ,
≈≈≈≈≈...................
,, ≈≈≈≈≈.≈...≈≈≈.≈..# ,


You could see a merfolk and a water nymph.

Vanquished Creatures
  Nikola (Shoals:2)
  An acid blob (Lair:7)
  Frances (Snake:1)
  9 greater nagas
  Wiglaf (Snake:2)
  Aizul (Snake:2)
  Louise (Shoals:3)
  An ettin (Orc:4)
  4 vault guards (D:14)
  The ghost of
  1100001001 the Grappler, a powerful TrMo of Makhleb (Lair:2)
  2 merfolk impalers
  6 hydras
  A fire dragon (Lair:8)
  Harold (Lair:1)
  8 naga warriors
  A minotaur (Lab)
  A centaur warrior (D:12)
  4 merfolk avatars
  Erica (D:11)
  The ghost of Skillabstinenz the Fighter, an experienced MiBe of Trog (D:8)
  Erolcha (D:8)
  21 anacondas
  2 merfolk aquamancers
  The ghost of SWAGNEMITE the Cleaver, an experienced FoFi of Qazlal (D:9)
  3 ogre magi
  2 tengu warriors (D:12)
  Urug (D:14)
  19 naga sharpshooters
  10 shock serpents
  Sonja (Lair:2)
  6 salamander mystics
  8 skeletal warriors (D:14)
  2 deep trolls (Orc:4)
  9 sea snakes
  A wizard (D:15)
  6 unseen horrors
  7 naga ritualists
  2 ice statues (IceCv)
  9 hill giants
  2 orc knights
  2 wolf spider zombies (D:15)
  2 deep elf conjurers (D:15)
  5 oklob plants
  8 mana vipers
  9 harpies (Shoals:1)
  6 fauns
  3 orc sorcerers
  9 ugly things
  2 wolf spiders (Lair:8)
  15 salamanders
  4 manticores
  3 sirens
  15 cyclopes
  2 hornets (Lair:8)
  10 elephants
  26 spiny frogs
  2 drowned souls
  2 guardian serpents
  21 naga magi
  5 griffons
  A torpor snail (Lair:8)
  A gargoyle (D:12)
  49 black mambas
  5 fire drakes
  16 komodo dragons
  A redback zombie (D:15)
  A tengu conjurer (D:14)
  A freezing wraith (D:12)
  A yaktaur (D:14)
  2 wind drakes
  11 trolls
  A polar bear (Lair:7)
  16 merfolk
  10 two-headed ogres
  A queen bee (D:12)
  5 slime creatures (D:12)
  A wandering mushroom (Lair:5)
  A trapdoor spider (D:15)
  8 blink frogs (Lair:8)
  A centaur simulacrum (D:12)
  7 water elementals
  A spriggan (D:8)
  3 wraiths
  A vampire (D:15)
  2 deep elf fighters
  37 yaks
  2 deep elf magi
  A human (D:14)
  5 snapping turtles
  3 basilisks
  A golden eye (shapeshifter) (D:15)
  2 shadows (D:12)
  5 wyverns
  A yak (shapeshifter) (D:15)
  14 wolves
  2 steam dragons
  6 hippogriffs
  3 hungry ghosts
  7 mottled dragons
  59 nagas
  3 wargs
  33 water moccasins
  7 spiders
  2 swamp drakes (Lair:8)
  16 orc warriors
  14 porcupines
  9 sky beasts
  2 black bears
  28 ogres
  11 ice beasts
  4 phantoms
  An eye of draining (D:11)
  2 wasps (Lair:8)
  6 necrophages (D:9)
  20 crocodiles
  A brain worm (shapeshifter) (D:10)
  5 centaurs
  A brain worm (D:13)
  15 giant frogs
  2 big kobolds
  A wyvern zombie (D:13)
  48 killer bees
  7 scorpions
  4 jellies
  3 wights (D:9)
  An electric eel (Lair:8)
  7 crimson imps
  4 centaur zombies
  13 hounds
  Crazy Yiuf (D:3)
  3 giant frog zombies
  3 giant frog skeletons
  15 orc priests
  9 worker ants
  2 centaur skeletons
  26 iguanas
  A killer bee zombie (D:5)
  19 orc wizards
  32 sheep
  A hound zombie (D:9)
  2 hound skeletons
  2 worker ant zombies
  45 river rats
  A gnoll (D:2)
  28 adders
  6 shadow imps
  An ooze (D:1)
  2 adder skeletons
  A worm (D:2)
  4 giant geckos
  104 orcs
  8 ball pythons
  28 bats
  3 bat zombies (D:6)
  6 giant cockroaches
  28 goblins
  16 hobgoblins
  12 jackals
  24 kobolds
  2 quokkas
  4 giant newts
  A jackal skeleton (D:6)
  26 rats
  7 bushes (D:9)
  20 fungi
  39 plants
1408 creatures vanquished.

Vanquished Creatures (collateral kills)
  A hydra (Lair:1)
1 creature vanquished.

Vanquished Creatures (others)
  An ogre mage (Orc:4)
  6 drowned souls
  A two-headed ogre (Orc:4)
  A steam dragon (Lair:8)
  An ogre (Orc:4)
  A ball python (Snake:3)
  3 fungi
  8 plants
22 creatures vanquished.

Grand Total: 1431 creatures vanquished

Notes
Turn   | Place    | Note
--------------------------------------------------------------
     0 | D:1      | Aelindon the Deep Dwarf Berserker began the quest for the Orb.
     0 | D:1      | Reached XP level 1. HP: 20/20 MP: 1/1
   243 | D:1      | Reached XP level 2. HP: 20/27 MP: 2/2
   425 | D:1      | Reached skill level 4 in Axes
   613 | D:1      | Acquired Trog's second power
   726 | D:2      | Reached XP level 3. HP: 19/33 MP: 3/3
   773 | D:2      | Reached skill level 1 in Throwing
   841 | D:2      | Found an iron altar of Okawaru.
  1189 | D:2      | Found a snail-covered altar of Cheibriados.
  1368 | D:2      | Reached skill level 5 in Axes
  1487 | D:3      | Reached XP level 4. HP: 40/40 MP: 4/4
  1786 | D:3      | Noticed Crazy Yiuf
  1795 | D:3      | Killed Crazy Yiuf
  1795 | D:3      | Reached XP level 5. HP: 43/46 MP: 5/5
  1909 | D:3      | Reached skill level 6 in Axes
  1947 | D:3      | Found a stormy altar of Qazlal.
  2060 | D:3      | Noticed a scorpion
  2069 | D:3      | Killed a scorpion
  2150 | D:4      | Found a staircase to the Ecumenical Temple.
  2252 | Temple   | Entered the Ecumenical Temple
  2375 | D:4      | Found Sonofen's Magic Scroll Shop.
  2383 | D:4      | Bought a scroll of magic mapping for 49 gold pieces
  2383 | D:4      | Bought a scroll of identify for 28 gold pieces
  2407 | D:4      | Reached XP level 6. HP: 26/55 MP: 6/6
  2418 | D:4      | Noticed a phantom
  2472 | D:4      | Killed a phantom
  2472 | D:4      | Reached skill level 7 in Axes
  2472 | D:4      | Reached skill level 1 in Shields
  2640 | D:4      | Reached XP level 7. HP: 54/61 MP: 7/7
  2823 | D:4      | Found Faxzatt's Assorted Antiques.
  2870 | D:4      | Acquired Trog's third power
  3073 | D:5      | Entered Level 5 of the Dungeon
  3223 | D:5      | Found a basalt altar of Yredelemnul.
  3235 | D:5      | Reached skill level 8 in Axes
  3546 | D:5      | Reached XP level 8. HP: 68/68 MP: 6/6
  3931 | D:5      | Found Xeeshad's Antique Armour Emporium.
  3938 | D:5      | Bought a pair of ichor-stained gloves for 190 gold pieces
  3948 | D:5      | Identified the cursed -2 pair of gloves of Rayf {rPois MR+ Str-2 Slay+3} (You bought it in a shop on level 5 of the Dungeon)
  4361 | D:6      | Found Ajobb's Armour Boutique.
  4371 | D:6      | Reached skill level 9 in Axes
  4820 | D:6      | Reached skill level 5 in Throwing
  5037 | D:6      | Reached skill level 10 in Axes
  5333 | D:7      | Gained mutation: You passively map the area around you. [Deep Dwarf growth]
  5333 | D:7      | Reached XP level 9. HP: 69/74 MP: 7/7
  5509 | D:7      | Found Ucakecom's Distillery.
  5687 | D:7      | Reached skill level 11 in Axes
  6091 | D:8      | Noticed Skillabstinenz's ghost (experienced MiBe)
  6120 | D:8      | Killed Skillabstinenz's ghost
  6120 | D:8      | Reached skill level 12 in Axes
  6142 | D:8      | Noticed Erolcha
  6154 | D:8      | Killed Erolcha
  6237 | D:8      | Found an opulent altar of Gozag.
  6312 | D:8      | Reached XP level 10. HP: 58/81 MP: 8/8
  6480 | D:8      | Found a burning altar of Makhleb.
  6721 | D:9      | Found a blossoming altar of Fedhas.
  6781 | D:9      | Reached skill level 13 in Axes
  6856 | D:9      | Received a gift from Trog
  6952 | D:9      | Reached skill level 14 in Axes
  7160 | D:9      | Received a gift from Trog
  7222 | D:9      | Found an ancient bone altar of Kikubaaqudgha.
  7256 | D:9      | Found an opulent altar of Gozag.
  7260 | D:9      | Found a white marble altar of Elyvilon.
  7303 | D:9      | Found a staircase to the Lair.
  7372 | D:9      | Received a gift from Trog
  7433 | D:9      | Noticed SWAGNEMITE's ghost (experienced FoFi)
  7448 | D:9      | Killed SWAGNEMITE's ghost
  7448 | D:9      | Reached XP level 11. HP: 79/88 MP: 9/9
  7922 | Lair:1   | Entered Level 1 of the Lair of Beasts
  7960 | Lair:1   | Noticed a six-headed hydra
  7964 | Lair:1   | Reached skill level 15 in Axes
  7989 | Lair:1   | Killed a six-headed hydra
  8044 | Lair:1   | Found a labyrinth entrance.
  8069 | Lab      | Entered a labyrinth
 10092 | Lab      | Noticed a minotaur
 10096 | Lab      | Killed a minotaur
 10161 | Lab      | Got a dazzling hand crossbow
 10161 | Lab      | Got a pitted falchion
 10161 | Lab      | Got a pitted tin ring
 10163 | Lab      | Identified the +7 falchion of Diacs {pain, rElec Dex+3} (You found it in a labyrinth)
 10164 | Lab      | Identified the +9 hand crossbow of Amorality {freeze, rF++ Dex+2 Stlth-} (You found it in a labyrinth)
 10167 | Lab      | Identified the ring of Capt {+Inv rN++ Int-2} (You found it in a labyrinth)
 10582 | Lair:1   | Noticed Harold
 10597 | Lair:1   | Killed Harold
 10684 | Lair:1   | Reached skill level 16 in Axes
 10942 | Lair:2   | Found a frozen archway.
 10951 | IceCv    | Entered an ice cave
 10959 | IceCv    | Received a gift from Trog
 11007 | IceCv    | Noticed an ice statue
 11007 | IceCv    | Noticed an ice statue
 11018 | IceCv    | Killed an ice statue
 11018 | IceCv    | Reached skill level 10 in Throwing
 11037 | IceCv    | Killed an ice statue
 11037 | IceCv    | Reached XP level 12. HP: 36/96 MP: 8/8
 11043 | IceCv    | Got a polished flail
 11044 | IceCv    | Identified the +4 flail "Zofer" {holy, rElec Str+2} (You found it in an ice cave)
 11206 | Lair:2   | Noticed 1100001001's ghost (powerful TrMo)
 11230 | Lair:2   | Killed 1100001001's ghost
 11328 | Lair:2   | Received a gift from Trog
 11542 | Lair:2   | Noticed Sonja
 11569 | Lair:2   | Killed Sonja
 11569 | Lair:2   | Reached skill level 17 in Axes
 12553 | Lair:3   | Noticed a four-headed hydra
 12563 | Lair:3   | Killed a four-headed hydra
 13170 | D:5      | Bought a twisted plate armour for 560 gold pieces
 13181 | D:5      | Identified the +10 plate armour of Grottiness {Dex+2} (You bought it in a shop on level 5 of the Dungeon)
 13642 | Lair:4   | Reached skill level 18 in Axes
 13719 | Lair:4   | Received a gift from Trog
 14652 | Lair:5   | Found a staircase to the Shoals.
 14747 | Lair:5   | Reached XP level 13. HP: 53/102 MP: 4/4
 14813 | Lair:5   | Found a staircase to the Snake Pit.
 15599 | Lair:6   | Gained mutation: Your system is resistant to poisons. [potion of beneficial mutation]
 15933 | Lair:7   | Reached skill level 19 in Axes
 15934 | Lair:7   | Reached skill level 5 in Armour
 16180 | Lair:7   | Found a staircase to the Slime Pits.
 16180 | Lair:7   | Found a viscous altar of Jiyva.
 16313 | Lair:7   | Noticed an acid blob
 16323 | Lair:7   | Killed an acid blob
 16373 | Lair:7   | Received a gift from Trog
 16814 | Lair:7   | Received a gift from Trog
 16832 | Lair:8   | Entered Level 8 of the Lair of Beasts
 17090 | Lair:8   | Reached skill level 20 in Axes
 17224 | Lair:8   | Identified a scroll of acquirement
 17275 | Lair:8   | Gained mutation: You resist negative energy. [Deep Dwarf growth]
 17275 | Lair:8   | Reached XP level 14. HP: 89/109 MP: 2/2
 17539 | Lair:8   | Received a gift from Trog
 17767 | Lair:8   | Received a gift from Trog
 17773 | Lair:8   | Got a scorched battleaxe {god gift}
 17774 | Lair:8   | Identified the +6 battleaxe "Zyxuog" {chop, *Noise rF+ rC+++ Int+4} (Trog gifted it to you on level 8 of the Lair of Beasts)
 18341 | Lair:8   | Reached skill level 21 in Axes
 18558 | D:10     | Entered Level 10 of the Dungeon
 18983 | D:10     | You fall through a shaft for 2 floors!
 19037 | D:12     | Got a heavily runed glass ring
 19053 | D:12     | Identified the ring "Xinadym" {+Blink rF+ rN++ Str+2 Dex-2} (You found it on level 12 of the Dungeon)
 19227 | D:12     | Found a staircase to the Orcish Mines.
 19335 | D:12     | Received a gift from Trog
 19383 | D:12     | Received a gift from Trog
 19493 | D:12     | Received a gift from Trog
 19594 | D:12     | Reached skill level 10 in Armour
 19863 | D:12     | Reached XP level 15. HP: 73/115 MP: 1/1
 19895 | D:12     | Received a gift from Trog
 20164 | D:11     | Reached skill level 22 in Axes
 20232 | D:11     | Received a gift from Trog
 20249 | D:11     | Noticed Erica
 20259 | D:11     | Killed Erica
 20944 | Orc:1    | Entered Level 1 of the Orcish Mines
 20988 | Orc:1    | Found a dark tunnel.
 20991 | Volcano  | Entered a volcano
 21081 | Volcano  | Received a gift from Trog
 21338 | Orc:1    | Found a roughly hewn altar of Beogh.
 21456 | Orc:1    | Received a gift from Trog
 22096 | Orc:3    | Found a staircase to the Elven Halls.
 22343 | Orc:3    | Found Qaiw's Gadget Shoppe.
 22590 | Orc:4    | Entered Level 4 of the Orcish Mines
 23051 | Orc:4    | Found Lumif's General Store.
 23056 | Orc:4    | Received a gift from Trog
 23071 | Orc:4    | Found Qainyj's Assorted Antiques.
 23079 | Orc:4    | Received a gift from Trog
 23144 | Orc:4    | Found Plog's Gadget Boutique.
 23153 | Orc:4    | Found Xepot's Assorted Antiques.
 24124 | D:14     | Found a gate to the Vaults.
 24156 | D:14     | Reached skill level 5 in Fighting
 24220 | D:14     | Found a stormy altar of Qazlal.
 24389 | D:14     | Found a shadowy altar of Dithmenos.
 24398 | D:14     | Noticed Urug
 24411 | D:14     | Killed Urug
 24803 | D:15     | Entered Level 15 of the Dungeon
 24815 | D:15     | Found Wischopp's Antique Armour Emporium.
 24839 | D:15     | Found Seol's General Store.
 25029 | D:15     | Received a gift from Trog
 25030 | D:15     | Got a dazzling executioner's axe {god gift}
 25061 | D:15     | Identified the +7 executioner's axe of Trog's Delight {chop, *Contam rF+ Str+5} (Trog gifted it to you on level 15 of the Dungeon)
 25162 | D:15     | Found Ingaiga's Distillery.
 25234 | D:15     | Reached XP level 16. HP: 121/135 MP: 1/1
 25315 | D:15     | Found a staircase to the Depths.
 26077 | Snake:1  | Entered Level 1 of the Snake Pit
 26331 | Snake:1  | Found a runed gate.
 26331 | Snake:1  | Found a runed gate.
 26331 | Snake:1  | Found a runed gate.
 26346 | Snake:1  | Received a gift from Trog
 26728 | Snake:1  | Noticed Frances
 26739 | Snake:1  | Killed Frances
 26739 | Snake:1  | Reached skill level 10 in Fighting
 27180 | Snake:2  | Noticed Aizul
 27184 | Snake:2  | Noticed Wiglaf
 27192 | Snake:2  | Killed Aizul
 27200 | Snake:2  | Killed Wiglaf
 27575 | Snake:2  | Received a gift from Trog
 27598 | Snake:2  | Identified a +2 pair of boots of running (You acquired it on level 2 of the Snake Pit)
 27599 | Snake:2  | Gained mutation: You can spit weak poison. [potion of beneficial mutation]
 27618 | Snake:2  | You fall through a shaft!
 27762 | Snake:3  | Reached XP level 17. HP: 103/157 MP: 2/2
 27777 | Snake:3  | Received a gift from Trog
 28531 | Snake:3  | Received a gift from Trog
 29191 | Snake:4  | Entered Level 4 of the Snake Pit
 29646 | Snake:4  | Reached skill level 15 in Armour
 29668 | Snake:4  | Received a gift from Trog
 29955 | Snake:4  | Received a gift from Trog
 30100 | Snake:4  | Gained mutation: You passively map a large area around you. [Deep Dwarf growth]
 30100 | Snake:4  | Reached XP level 18. HP: 92/175 MP: 3/3
 30198 | Snake:4  | Got a serpentine rune of Zot
 30458 | Shoals:1 | Entered Level 1 of the Shoals
 30493 | Shoals:1 | Got a heavily runed ruby amulet
 30495 | Shoals:1 | Identified the amulet "Cyxid" {rElec rF+++ MR- Regen+ Dex+3} (You found it on level 1 of the Shoals)
 30836 | Shoals:1 | Received a gift from Trog
 31320 | Shoals:2 | Reached skill level 15 in Fighting
 31338 | Shoals:2 | Noticed Nikola
 31370 | Shoals:2 | Killed Nikola
 32096 | Shoals:3 | Noticed Louise
 32108 | Shoals:3 | Killed Louise
 32112 | Shoals:3 | Received a gift from Trog
 32169 | Shoals:3 | HP: 4/178 [merfolk/halberd of venom (6)]
 32171 | Shoals:3 | Killed from afar by a water nymph

Vault maps used:
D:1:      dpeg_arrival_central, minmay_misc_feat_four_crosses, roderic_lattice_a
D:2:      old_standard_altar, first_bread, okawaru_altar_gauntlet_db
D:3:      nicolae_overflow_crystal_walls, kennysheep_nondescript,
          uniq_crazy_yiuf_cottage
D:4:      minmay_temple_entry_glass, serial_shops,
          nicolae_shop_temple_entry_statues_fountains, shop,
          minmay_strange_pillars
D:5:      kennysheep_mini_moat, serial_shops, shop
D:6:      minmay_opposing_rooms, serial_shops, shop
D:7:      serial_shops, shop
D:8:      overflow_temple_1_default, basic_altar, the_bakery, uniq_erolcha
D:9:      grunt_temple_overflow_open, grunt_lair_entry_elf_guard_hut,
          fedhas_altar_decomposition
D:11:     nicolae_straight_to_the_point, uniq_erica
D:12:     hangedman_what_comes_after_a, david_orc_1_choice, serial_glass,
          glass_columns_a, glass_columns_c, glass_columns_c, glass_columns_b,
          glass_columns_a, glass_columns_a, glass_columns_a, glass_columns_c,
          item_on_display_a, item_on_display_a, due_unseen_surprise,
          minmay_strange_pillars, minmay_misc_feat_iff
D:13:     serial_curves, eino_curves_02, eino_curves_03, eino_curves_02,
          eino_curves_02
D:14:     grunt_vaults_entry_fortified, grunt_dithmenos_smoke,
          nicolae_qazlal_style_of_elements, uniq_urug
D:15:     grunt_enter_depths_magical_seal, serial_shops,
          nicolae_shop_window_shopping, shop, shop_statue
Temple:   circular_temple_pool_12
Lair:1:   lab_entry_generic, lemuel_fruit_tree, uniq_harold
Lair:2:   portal_ice_cave_entry_pillars_01, serial_forest,
          infiniplex_forest_end_1, infiniplex_forest_pool,
          infiniplex_forest_lined_room_2, infiniplex_forest_end_2,
          infiniplex_forest_straight_3, infiniplex_forest_lined_2, uniq_sonja
Lair:3:   beast_lair_carwin_large_4, grunt_megastairs_2
Lair:4:   infiniplex_staircase_pool
Lair:5:   elwin_shoals_entry_rocks, minmay_snake_entry_guardpost_small,
          st_stairs_6, beast_lair_carwin_2
Lair:7:   slime_altar_1
Lair:8:   guppyfry_lair_end_dragon, hangedman_lair_tendril_chambers,
          serial_bayou_lagoon_a
Shoals:2: uniq_louise, uniq_nikola
Shoals:3: st_cyclops, uniq_roxanne
Snake:1:  special_room, nicolae_snake_horde_hoard, uniq_frances
Snake:2:  uniq_aizul, uniq_wiglaf
Snake:3:  kennysheep_snake, nicolae_snake_springs, grunt_megastairs_3
Snake:4:  minmay_snake_end_coiled, grunt_ministairs_13
Orc:1:    basic_altar, nicolae_volcano_entry_lava_flow
Orc:2:    serial_shops, shop
Orc:3:    serial_shops, nicolae_shop_waterfront, nicolae_orc_pool_cavern
Orc:4:    st_orc_open
Lab:      labyrinth_mini_lab
IceCv:    ice_cave_statue_garden_01
Volcano:  volcano_pools

Action                   |  1- 3 |  4- 6 |  7- 9 | 10-12 | 13-15 | 16-18 || total
-------------------------+-------+-------+-------+-------+-------+-------++-------
Melee: Hand axe          |   147 |   181 |     3 |       |       |       ||   331
       War axe           |       |       |   256 |   678 |       |       ||   934
       Battleaxe         |       |       |       |    62 |  1308 |  1063 ||  2433
       Executioner's axe |       |       |       |     3 |       |       ||     3
 Fire: Blowgun           |       |       |       |     1 |       |       ||     1
Throw: Stone             |    36 |    12 |    11 |       |       |       ||    59
       Tomahawk          |       |       |       |    23 |       |    57 ||    80
       Javelin           |       |       |       |     8 |    45 |    50 ||   103
       Throwing net      |       |       |       |       |     1 |     4 ||     5
Invok: Berserk           |     2 |     6 |    10 |    18 |    17 |     5 ||    58
       Burn Spellbooks   |       |       |     1 |     5 |     5 |     2 ||    13
       Trog's Hand       |       |       |     1 |     1 |     5 |    28 ||    35
       Brothers in Arms  |       |       |       |     1 |       |       ||     1
 Abil: Device Recharging |       |       |     2 |     7 |     6 |     1 ||    16
Evoke: Wand              |     1 |     3 |    22 |    36 |    37 |    20 ||   119
  Use: Scroll            |       |     4 |     7 |    17 |    15 |     4 ||    47
       Potion            |       |       |       |     2 |     2 |     4 ||     8
 Stab: Invisible         |       |       |       |       |     5 |       ||     5
       Confused          |       |       |       |       |     3 |       ||     3
       Held in net/web   |       |       |       |       |     2 |       ||     2
       Distracted        |       |       |       |       |       |     1 ||     1
  Eat: Chunk             |     3 |    10 |    24 |    33 |    45 |    13 ||   128
       Beef jerky        |       |       |       |     5 |     4 |       ||     9
       Royal jelly       |       |       |       |     2 |       |     6 ||     8
       Pizza             |       |       |       |     1 |     2 |       ||     3
       Meat ration       |       |       |       |       |       |     1 ||     1
       Fruit             |       |       |       |       |       |     2 ||     2
